 Dungeon Crawl Stone Soup version 0.32-a0-18-g89e19f1974 (webtiles) character file.

Game seed: 8556271607340283048

148 cforsyth the Trooper (level 5, -2/54 HPs)
             Began as an Oni Shapeshifter on Jan 16, 2024.
             Slain by an orc priest
             ... wielding a +0 club
              (6 damage)
             ... on level 4 of the Dungeon.
             The game lasted 00:02:25 (2262 turns).

cforsyth the Trooper (Oni Shapeshifter)             Turns: 2262, Time: 00:02:26

Health: -2/54      AC:  3    Str: 20    XL:     5   Next: 30%
Magic:  5/5        EV: 10    Int: 11    God:
Gold:   176        SH:  0    Dex: 14    Spells: 4/4 levels left

rFire   . .          .
                       - Unarmed
rCold   . . .        (no shield)
rNeg    . . .        a - +0 animal skin
rPois   +            (helmet currently unavailable)
rElec   .            (cloak currently unavailable)
rCorr   .            (gloves unavailable)
SInv    .            (boots unavailable)
Will    .....        (no amulet)
Stlth   +            f - +6 ring of dexterity
HPRegen 0.29/turn    g - ring of poison resistance
MPRegen 0.09/turn

%: no passive effects
@: beast-form
A: beast (slay +2), large, unfitting armour, horns 1, tough skin 1, double
potion healing, drunken brawling
a: Begin Untransformation


You were on level 4 of the Dungeon.
You were a hulking beast.
You visited 1 branch of the dungeon, and saw 4 of its levels.

You collected 176 gold pieces.

Inventory:

Armour
 a - a +0 animal skin (worn)
Jewellery
 f - a +6 ring of dexterity (left hand)
 g - a ring of poison resistance (right hand)
Talismans
 c - a beast talisman
 d - a flux talisman
Scrolls
 e - a scroll of brand weapon {unknown}
 h - a scroll of enchant weapon {unknown}
 i - a scroll of amnesia {unknown}
 k - a scroll of torment {unknown}
 l - a scroll of poison {unknown}
 m - a scroll of identify {unknown}
 n - a scroll of fog {unknown}
 p - a scroll of immolation {unknown}
 q - 2 scrolls of teleportation {unknown}
Potions
 b - 2 potions of lignification
 j - a potion of invisibility {unknown}
 o - a potion of might {unknown}
 r - a potion of berserk rage {unknown}


   Skills:
 + Level 4.0 Fighting
 - Level 1.7 Dodging
 + Level 3.7 Unarmed Combat
 + Level 3.9 Shapeshifting


You had 4 spell levels left.
You didn't know any spells.
Your spell library contained the following spells:

 Spells                   Type           Power      Damage    Failure   Level
 Summon Small Mammal      Summ           0%         N/A       34%         1
 Lesser Beckoning         Tloc           0%         N/A       47%         2
 Call Canine Familiar     Summ           0%         N/A       71%         3
 Gell's Gravitas          Tloc           0%         N/A       71%         3
 Teleport Other           Tloc           0%         N/A       71%         3
 Summon Blazeheart Golem  Fire/Summ      0%         N/A       98%         4


Dungeon Overview and Level Annotations

Branches:
Dungeon (4/15)
 Temple: D:4-7

Altars:
Nemelex Xobeh


Innate Abilities, Weirdness & Mutations

You are a hulking beast.
Your limbs bulge with bestial killing power. (Slay +2)
You are too large for most types of armour.
You have a pair of small horns on your head.
You have tough skin. (AC +1)
You gain doubled healing and magic from potions.
Whenever you drink a healing potion, you attack all around you.


Message History

The orc is heavily wounded.
The orc hits you but does no damage. The orc hits you with a +0 trident!
You barely miss the orc.
The orc is heavily wounded.
The orc hits you from afar with a +0 trident.
The orc priest hits you but does no damage.
The orc barely misses you.
You closely miss the orc.
The orc is heavily wounded.
The orc barely misses you. The orc priest hits you with a +0 club.
The orc barely misses you.
You barely miss the orc. Your punch misses the orc.
The orc is heavily wounded.
The orc priest casts a cantrip, but nothing happens.
The orc hits you with a +0 club. The orc hits you with a +0 trident!
The orc hits you from afar with a +0 trident.
You punch the orc!
You kill the orc!
The orc priest calls down the wrath of Beogh upon you.
Beogh smites you!
* * * LOW HITPOINT WARNING * * *
The orc closely misses you.
The orc hits you from afar with a +0 trident.
* * * LOW HITPOINT WARNING * * *
You are too injured to fight recklessly!
You are too injured to fight recklessly!
You are too injured to fight recklessly!
You are too injured to fight recklessly!
You are too injured to fight recklessly!
You are too injured to fight recklessly!
You are too injured to fight recklessly!
You hit the orc priest.
The orc priest is heavily wounded.
The orc hits you with a +0 club.
* * * LOW HITPOINT WARNING * * *
The orc hits you from afar with a +0 trident.
* * * LOW HITPOINT WARNING * * *
The orc priest attacks as it pursues you!
The orc priest hits you with a +0 club.
You die...

###.###.....### #
#....<..##<.### ##.#
#......####.#.# ..#.+
......## #...###.!.#
....... ####.#.#..#
.........#.......o.#.+
###...........o).....#
##......##...o###..#
..#.#. #....h....+ #
#...†.....#
#.........#
#.........#
##..........
###....##### #.####
##.


You could see an orc priest and an orc.

Vanquished Creatures
  An orc priest (D:3)
  An iguana (D:4)
  An adder (D:2)
  4 dart slugs
  2 ribbon worms (D:2)
  6 orcs
  9 ball pythons
  5 bats
  6 endoplasms
  A giant cockroach (D:1)
  2 goblins
  2 hobgoblins (D:1)
  7 jackals
  6 kobolds
  2 quokkas (D:1)
  A frilled lizard (D:1)
  5 rats
61 creatures vanquished.

Notes
Turn   | Place    | Note
-------+----------+-------------------------------------------
     0 | D:1      | cforsyth the Oni Shapeshifter began the quest for the Orb.
     0 | D:1      | Reached XP level 1. HP: 19/19 MP: 1/1
   240 | D:1      | Reached XP level 2. HP: 28/28 MP: 2/2
   255 | D:1      | Reached skill level 2 in Fighting
   391 | D:1      | Reached XP level 3. HP: 36/36 MP: 3/3
  1087 | D:2      | Reached skill level 3 in Fighting
  1405 | D:2      | Reached XP level 4. HP: 41/45 MP: 4/4
  1595 | D:3      | Found a sparkling altar of Nemelex Xobeh.
  1786 | D:3      | Identified the +4 dagger of Kindness {venom, rC+ Str+3}
  2088 | D:3      | Reached XP level 5. HP: 54/54 MP: 5/5
  2251 | D:4      | Reached skill level 4 in Fighting
  2262 | D:4      | Slain by an orc priest

Illustrated notes

Levels and vault maps discovered:
D:1:      amcnicky_arrival_underground_garden, layout_loops_ring
D:2:      layout_loops_ring
D:3:      layout_basic, nemelex_xobeh_ov_fountains_minmay
D:4:      layout_cave_pools, pdpol_wu_jian_five_deadly_venoms,
          chequers_temple_overflow_minitemple, mainiacjoe_overflow_24_doors,
          minmay_temple_entry_fiery

Skill      XL: |  1  2  3  4  5 |
---------------+----------------+-----
Fighting       | 2 3 4 |  4.0
Unarmed Combat | 3 |  3.7
Dodging        | |  1.7
Shapeshifting  | |  3.9

Action                     |  1- 3 |  4- 6 || total
---------------------------+-------+-------++-------
  Melee: Unarmed           |    81 |    62 ||   143
         Headbutt          |    17 |     7 ||    24
         Punch             |     1 |       ||     1
   Stab: Sleeping          |     1 |       ||     1
 Armour: Animal skin       |    63 |    46 ||   109
  Dodge: Dodged            |    37 |    37 ||    74

Table legend: (Time is in decaauts)
 A = Elapsed time spent in this place.
 B = Non-inter-level travel time spent in this place.
 C = Inter-level travel time spent in this place.
 D = Time resting spent in this place.
 E = Time spent auto-exploring this place.
 F = Levels seen in this place.
 G = Mean time per level.
                   A        B        C        D        E       F      G
               +--------+--------+--------+--------+--------+-----+--------+
         Total |   2252 |   2172 |     80 |      0 |   1824 |   4 |  563.0 |
       Dungeon |   2252 |   2172 |     80 |      0 |   1824 |   4 |  563.0 |
               +--------+--------+--------+--------+--------+-----+--------+

Top non-repeatable levels by time:
     D:1: 818 daAuts
     D:2: 756 daAuts
     D:3: 645 daAuts
     D:4: 31 daAuts
